 Dungeon Crawl Stone Soup version 0.17.0-28-g6e173f8 (webtiles) character file.

1689 PossumBlood the Thaumaturge (level 8, 0/41 HPs)
             Began as a Deep Elf Conjurer on Nov 26, 2015.
             Slain by a killer bee (3 damage)
             ... on level 7 of the Dungeon.
             The game lasted 00:32:11 (7573 turns).

PossumBlood the Thaumaturge (Deep Elf Conjurer)     Turns: 7573, Time: 00:32:11

Health: 0/41       AC:  5    Str:  5    XL:     8   Next: 72%
Magic:  19/24      EV: 13    Int: 27    God:
Gold:   376        SH:  0    Dex: 15    Spells: 3 memorised, 17 levels left

rFire  . . .     SeeInvis .     m - +0 quarterstaff (crush)
rCold  . . .     Clarity  .     a - +1 robe
rNeg   . . .     SustAt   .     (shield currently unavailable)
rPois  .         Gourm    .     (no helmet)
rElec  .         Spirit   .     (no cloak)
rCorr  .         Warding  .     p - +1 pair of gloves
rMut   .         Stasis   .     (no boots)
MR     .....                    (no amulet)
Stlth  +++.......               w - ring of flight
                                e - +4 ring of intelligence

@: lethally poisoned (0 -> -21), not resistant to hostile enchantments, fairly
stealthy
A: no striking features
a: Evoke Flight


You were on level 7 of the Dungeon.
You were not hungry.

You visited 2 branches of the dungeon, and saw 8 of its levels.

You collected 376 gold pieces.

Inventory:

Hand Weapons
 d - a +2 dagger of venom
 g - a +0 hunting sling
 j - a +2 dagger
 m - a +0 quarterstaff of crushing (weapon)
Missiles
 h - 46 sling bullets
Armour
 a - a +1 robe (worn)
 p - a +1 pair of gloves (worn)
Jewellery
 e - a +4 ring of intelligence (left hand)
 w - a ring of flight (right hand)
Scrolls
 f - a scroll of amnesia
 o - 2 scrolls of enchant weapon
 q - 4 scrolls of noise
 s - a scroll of fog
 u - 2 scrolls of remove curse
 x - a scroll of enchant armour
Potions
 i - 3 potions of curing
 r - a potion of poison {unknown}
Books
 b - a book of Conjurations

   Spells                             Type                      Level
   a - Magic Dart                     Conjuration                  1
   b - Searing Ray                    Conjuration                  2
   c - Dazzling Spray                 Conjuration/Hexes            3
   d - Fulminant Prism                Conjuration/Hexes            4
   e - Iskenderun's Mystic Blast      Conjuration                  4
   f - Iskenderun's Battlesphere      Conjuration/Charms           5
 k - a book of Ice

   Spells                             Type                      Level
   a - Ice Form                       Ice/Transmutation            4
   b - Metabolic Englaciation         Hexes/Ice                    5
   c - Ozocubu's Refrigeration        Ice                          6
   d - Bolt of Cold                   Conjuration/Ice              6
   e - Freezing Cloud                 Conjuration/Ice/Air          6
   f - Simulacrum                     Ice/Necromancy               6
 n - a book of Power

   Spells                             Type                      Level
   a - Fulminant Prism                Conjuration/Hexes            4
   b - Iskenderun's Mystic Blast      Conjuration                  4
   c - Venom Bolt                     Conjuration/Poison           5
   d - Bolt of Magma                  Conjuration/Fire/Earth       5
   e - Iron Shot                      Conjuration/Earth            6
   f - Orb of Destruction             Conjuration                  7
   g - Spellforged Servitor           Conjuration/Summoning        7
Comestibles
 c - 4 bread rations
 l - 5 meat rations


   Skills:
 - Level 0.2 Fighting
 - Level 0.4 Slings
 - Level 3.2 Dodging
 + Level 4.7 Stealth
 + Level 10.2 Spellcasting
 + Level 9.1 Conjurations


You had 17 spell levels left.
You knew the following spells:

 Your Spells              Type           Power        Failure   Level  Hunger
a - Magic Dart            Conj           ####         1%          1    None
b - Iskenderun's Battles  Conj/Chrm      #####...     21%         5    ####...
c - Fulminant Prism       Conj/Hex       #####.....   8%          4    None


Dungeon Overview and Level Annotations

Branches:
Dungeon (7/15)             Temple (1/1) D:6

Altars:
Ashenzari
Cheibriados
Dithmenos
Fedhas
Gozag
Kikubaaqudgha
Makhleb
Nemelex Xobeh
Okawaru
Qazlal
Ru
Trog
Xom
Yredelemnul
Zin
The Shining One


Message History

The killer bee stings you but does no damage.
Casting: Magic Dart
Confirm with . or Enter, or press ? or * to list all spells.
Aiming: Magic Dart
Press: ? - help, Shift-Dir - straight line, f/p - killer bee
Aim: a killer bee (almost dead)
The magic dart hits the killer bee.
You kill the killer bee!
* * * LOW HITPOINT WARNING * * *
You feel sick. The killer bee misses you.
Casting: Magic Dart
Confirm with . or Enter, or press ? or * to list all spells.
Aiming: Magic Dart
Press: ? - help, Shift-Dir - straight line, f - killer bee
Aim: a killer bee The magic dart hits the killer bee.
The killer bee is lightly wounded.
* * * LOW HITPOINT WARNING * * *
You feel sick. The killer bee stings you.
You die...

# .####
#######......
#y.yyy...#
#.#####..#
#.##### .#


#yyy@<# # ####### You could see 3 killer bees.

Vanquished Creatures
  Sigmund (D:5)
  Edmund (D:5)
  A phantom (D:5)
  An ice beast (D:6)
  An ogre (D:5)
  A giant frog (D:6)
  7 jellies
  A scorpion (D:4)
  2 killer bees (D:7)
  A gnoll shaman (D:6)
  3 hounds
  A crimson imp (D:5)
  An orc priest (D:5)
  A giant frog skeleton (D:5)
  4 orc wizards
  4 worker ants
  A hound skeleton (D:6)
  7 gnolls
  4 adders
  An ooze (D:1)
  2 adder skeletons (D:4)
  3 worms
  6 giant geckos
  15 orcs
  A ball python (D:2)
  9 giant cockroaches
  6 goblins
  8 hobgoblins
  12 jackals
  6 quokkas
  A ball python skeleton (D:3)
  6 bats
  3 giant newts
  4 kobolds
  3 rats (D:1)
129 creatures vanquished.

Vanquished Creatures (others)
  13 fulminant prisms
13 creatures vanquished.

Grand Total: 142 creatures vanquished

Notes
Turn   | Place    | Note
--------------------------------------------------------------
     0 | D:1      | PossumBlood the Deep Elf Conjurer began the quest for the Orb.
     0 | D:1      | Reached XP level 1. HP: 10/10 MP: 6/6
   174 | D:1      | Reached XP level 2. HP: 15/15 MP: 1/8
   418 | D:1      | Reached skill level 5 in Conjurations
   704 | D:2      | Reached XP level 3. HP: 19/19 MP: 6/10
  1335 | D:2      | Reached XP level 4. HP: 24/24 MP: 8/11
  1768 | D:3      | Found an opulent altar of Gozag.
  2294 | D:4      | Reached XP level 5. HP: 28/28 MP: 7/13
  2373 | D:4      | Found a burning altar of Makhleb.
  2382 | D:4      | Found a stormy altar of Qazlal.
  2683 | D:4      | Found a bloodstained altar of Trog.
  2764 | D:4      | Reached skill level 5 in Spellcasting
  3107 | D:4      | Reached skill level 6 in Conjurations
  3311 | D:4      | Reached XP level 6. HP: 32/32 MP: 8/16
  3364 | D:4      | Learned a level 5 spell: Iskenderun's Battlesphere
  3369 | D:4      | Learned a level 4 spell: Fulminant Prism
  3481 | D:5      | Entered Level 5 of the Dungeon
  3895 | D:5      | Reached XP level 7. HP: 3/36 MP: 10/19
  4205 | D:5      | Reached skill level 7 in Spellcasting
  4462 | D:5      | Gained mutation: Your muscles are strong. (Str +2) [potion of beneficial mutation]
  4465 | D:5      | Lost mutation: Your muscles are strong. (Str +2) [potion of cure mutation]
  4888 | D:5      | Noticed Sigmund
  4892 | D:5      | Noticed Edmund
  5226 | D:5      | Killed Sigmund
  5226 | D:5      | Reached skill level 8 in Spellcasting
  5283 | D:5      | Killed Edmund
  5283 | D:5      | Reached skill level 9 in Spellcasting
  5283 | D:5      | Reached XP level 8. HP: 31/41 MP: 3/23
  6386 | D:6      | Found a staircase to the Ecumenical Temple.
  6470 | Temple   | Entered the Ecumenical Temple
  7557 | D:7      | Reached skill level 10 in Spellcasting
  7573 | D:7      | Slain by a killer bee

Action                   |  1- 3 |  4- 6 |  7- 9 || total
-------------------------+-------+-------+-------++-------
Melee: Dagger            |     1 |     3 |       ||     4
 Fire: Hunting sling     |    11 |       |       ||    11
 Cast: Magic Dart        |    68 |   153 |   193 ||   414
       Fulminant Prism   |       |     2 |    11 ||    13
       Iskenderun's Batt |       |       |     3 ||     3
  Use: Scroll            |     8 |     4 |     5 ||    17
       Potion            |       |       |     8 ||     8
  Eat: Fruit             |     2 |     5 |       ||     7
       Beef jerky        |       |     1 |     1 ||     2
       Bread ration      |       |     1 |     1 ||     2
       Meat ration       |       |       |     1 ||     1
